 Dungeon Crawl Stone Soup version 0.21-a0-140-g479285b (webtiles) character file.

170 KristoblXynda the Conjurer (level 5, -4/38 HPs)
             Began as a Draconian Conjurer on July 19, 2017.
             Was an Initiate of Qazlal.
             Slain by a slave (9 damage)
             ... led by Pikel
             ... on level 3 of the Dungeon.
             The game lasted 00:07:39 (3263 turns).

KristoblXynda the Conjurer (Draconian Conjurer)     Turns: 3263, Time: 00:07:40

Health: -4/38      AC:  6    Str: 11      XL:     5   Next: 26%
Magic:  0/10       EV: 17    Int: 15 (16) God:    Qazlal [......]
Gold:   106        SH:  0    Dex: 13 (16) Spells: 9/10 levels left

rFire    . . .     SeeInvis .     - Unarmed
rCold    . . .     Gourm    .   (no shield)
rNeg     . . .     Faith    .   (armour unavailable)
rPois    .         Spirit   .   (helmet restricted)
rElec    .         Reflect  .   l - +0 cloak
rCorr    .         Harm     .   (no gloves)
MR       .....                  (no boots)
Stlth    +++.......             (no amulet)
HPRegen  0.12/turn              (no ring)
MPRegen  0.12/turn              (no ring)

@: agile
A: unfitting armour, cold-blooded, AC +5
a: Renounce Religion


You were on level 3 of the Dungeon.
You worshipped Qazlal.
Qazlal was noncommittal.
You were not hungry.

You visited 1 branch of the dungeon, and saw 4 of its levels.

You collected 106 gold pieces.

Inventory:

Armour
 l - a +0 cloak (worn)
Scrolls
 d - 5 scrolls of identify
 j - a scroll of teleportation
Potions
 g - 2 potions of agility
Books
 a - a book of Conjurations

   Spells                             Type                      Level
   a - Magic Dart                     Conjuration                  1
   b - Searing Ray                    Conjuration                  2
   c - Dazzling Spray                 Conjuration/Hexes            3
   d - Fulminant Prism                Conjuration/Hexes            4
   e - Force Lance                    Conjuration/Translocation    4
   f - Iskenderun's Mystic Blast      Conjuration                  4
Comestibles
 b - 2 bread rations
 c - a royal jelly
 f - a meat ration
 h - 2 fruits


   Skills:
 - Level 1.7 Dodging
 - Level 1.7 Stealth
 + Level 2.6 Unarmed Combat
 - Level 3.3 Spellcasting
 + Level 5.0 Conjurations
 + Level 0.2 Invocations


You had 9 spell levels left.
You knew the following spells:

 Your Spells              Type           Power        Failure   Level  Hunger
a - Magic Dart            Conj           ###.         2%          1    None


Dungeon Overview and Level Annotations

Branches:
Dungeon (4/15)             Temple (0/1) D:4

Altars:
Dithmenos
Qazlal

Annotations:
D:4 Pikel


Innate Abilities, Weirdness & Mutations

Your plain brown scales are hard. (AC +5)
You cannot fit into any form of body armour.
You are cold-blooded and may be slowed by cold attacks.


Message History

The slave is severely wounded.
The slave closely misses you.
You hit the slave.
The slave is severely wounded.
The slave barely misses you.
You hit the slave.
Your tail-slap misses the slave.
The slave is severely wounded.
The slave completely misses you.
You hit the slave. Your punch misses the slave.
The slave is almost dead.
The slave barely misses you.
Casting: Magic Dart
Confirm with . or Enter, or press ? or * to list all spells.
Aiming: Magic Dart
Press: ? - help, Shift-Dir - straight line, f/p - slave
Aim: a slave, wearing an animal skin (almost dead)
The magic dart hits the slave.
The slave is almost dead.
The slave hits you!
You die...

......#.# #......####....####.##.
......#.# ###.###...........#.##.
......#.# #....................
......#.#####..##...........#.##.
......#.##......)##.#.....###.##.
.................##.#.........##.
#########........##.#...#.######.
##.#####.##.#...#.# #.
#>#####@##.##.##.# #.
##########....>p.##.......#### ##
...........###########.......#
###########......# #######.####
#.####.# #....[....
#.####.#######.###.#...
#.##.[.........###.#.#.
#<##.#.########.....(.. #.##.#.#
#.##.#...


You could see a slave.

Vanquished Creatures
  A slave (D:4)
  An orc wizard (D:3)
  A gnoll (D:1)
  7 adders
  An ooze (D:1)
  A worm (D:2)
  3 orcs (D:3)
  A ball python (D:2)
  7 giant cockroaches
  10 goblins
  7 hobgoblins
  2 jackals (D:1)
  3 kobolds
  A quokka (D:3)
  6 bats
  5 frilled lizards
  7 rats
64 creatures vanquished.

Notes
Turn   | Place    | Note
-------+----------+-------------------------------------------
     0 | D:1      | KristoblXynda the Draconian Conjurer began the quest for the Orb.
     0 | D:1      | Reached XP level 1. HP: 14/14 MP: 3/3
   338 | D:1      | Reached XP level 2. HP: 15/20 MP: 3/5
   404 | D:1      | Reached skill level 1 in Unarmed Combat
   629 | D:1      | Reached XP level 3. HP: 22/26 MP: 3/6
  1384 | D:2      | Reached XP level 4. HP: 33/33 MP: 5/8
  1812 | D:2      | Found a shadowy altar of Dithmenos.
  1812 | D:2      | Found a stormy altar of Qazlal.
  1816 | D:2      | Became a worshipper of Qazlal Stormbringer
  2542 | D:3      | Reached XP level 5. HP: 8/38 MP: 1/10
  2550 | D:3      | Reached skill level 5 in Conjurations
  3150 | D:4      | Found a staircase to the Ecumenical Temple.
  3152 | D:4      | Noticed a slave
  3153 | D:4      | Noticed a slave
  3154 | D:4      | Noticed Pikel
  3154 | D:4      | Noticed a slave
  3163 | D:4      | Noticed a slave
  3209 | D:4      | Killed a slave
  3263 | D:3      | Slain by a slave

Vault maps used:
D:1:      dpeg_arrival_three_smaller_balls
D:2:      gammafunk_temple_overflow_elements
D:4:      minmay_temple_entry_purple_smoke, serial_shops, kennysheep_mini_moat,
          shop, xom_teletrap_fun, uniq_robin, uniq_pikel

Skill      XL: |  1  2  3  4  5 |
---------------+----------------+-----
Unarmed Combat | 1 2 |  2.6
Spellcasting   | 3 |  3.3
Conjurations   | 5 |  5.0
Dodging        | |  1.7
Stealth        | |  1.7
Invocations    | |  0.2

Action                   |  1- 3 |  4- 6 || total
-------------------------+-------+-------++-------
Melee: Unarmed           |    85 |   115 ||   200
       Tailslap          |     5 |    10 ||    15
       Punch             |       |     1 ||     1
 Cast: Magic Dart        |    43 |    79 ||   122
  Use: Scroll            |       |     6 ||     6
       Potion            |       |     5 ||     5
 Stab: Distracted        |       |     1 ||     1
       Sleeping          |       |     1 ||     1
  Eat: Chunk             |     2 |     1 ||     3
       Meat ration       |       |     1 ||     1
Armor: Skin              |    20 |    43 ||    63
Dodge: Dodged            |    64 |    86 ||   150
